AoeStats
← Bert > Ernie

Fortress

510364621Analyzed
1v1 RM · 2d ago on Sep 30, 2026· 29m 48s· 2 players
Game mode
Random Map
Map size
Small (3 player)
Population
200
Speed
Normal
Resources
Standard
Victory
Conquest
Starting age
Dark Age
Ending age
Imperial Age
RankedLock teamsTeams togetherTeam positionsShared explorationLock speedFull tech treeHidden civsTurbo modeCheats
Victory
Defeat
🇨🇦 Varangians · Canada
985
+15
🇦🇷 Goths · Argentina
971
-15
FlorCe
8:30 Feudal Age
11:28 Double-Bit Axe
13:50 Castle Age
11:49 Horse Collar
13:20 Forging
13:10 Scale Mail Armor
14:48 Anarchy
25:00 Pikeman
27:40 Iron Casting
27:20 Chain Mail Armor
Bert > Ernie
7:54 Feudal Age
12:04 Castle Age
10:14 Double-Bit Axe
10:13 Horse Collar
11:05 Gold Mining
13:01 Bow Saw
14:14 Loom
20:44 Wheelbarrow
20:23 Bloodlines
22:31 Scale Mail Armor
22:45 Forging
22:41 Scale Barding Armor
23:26 Husbandry
28:35 Imperial Age
26:36 Fletching
27:08 Gambesons
28:32 Man-at-Arms
28:55 Light Cavalry
Connection lost

Rejoining the realm…

Still unreachable

The connection could not be restored.

Session expired

The server has moved on; the page needs a fresh start.